Ducks vs Oilers

Created - January 28 2008 at 18:26

Goals
1 2 3 OT1 SO T
Ducks 2 0 0 0 1 3
Oilers 1 1 0 0 0 2
Shots
1 2 3 OT1 SO T
Ducks 13 10 2 0 3 25
Oilers 9 8 8 1 3 26

Period #1

1. Ducks , Petr Cajanek 8 (Andrew Brunette) at 2:49 (PP)
2. Ducks , Andrew Brunette 19 (Hal Gill, Rob Niedermayer) at 4:07
3. Oilers , Nicklas Lidstrom 8 (Ryan Smyth, Shawn Horcoff) at 4:46 (PP)

Penalties :
Alexei Zhitnik (EDM) for Roughing (Minor) at 1:09, Francois Beauchemin (ANA) for Tripping (Minor) at 4:16, Francois Beauchemin (ANA) for Interference (Minor) at 8:21, Rob Niedermayer (ANA) for Elbowing (Minor) at 12:38

Period #2

4. Oilers , Saku Koivu 17 (Fernando Pisani, Pierre-Marc Bouchard) at 1:11

Penalties :
Francis Bouillon (EDM) for Diving (Minor) at 2:01, Francis Bouillon (EDM) for Slashing (Minor) at 4:34, Jaroslav Spacek (EDM) for Holding (Minor) at 4:55, Jaroslav Spacek (EDM) for Hooking (Minor) at 13:44, Richard Park (ANA) for High sticking (Minor) at 17:36

Period #3

No Goal

Penalties :
Chad Kilger (EDM) for Diving (Minor) at 9:22, Rob Niedermayer (ANA) for Interference (Minor) at 12:36, Mike Fisher (ANA) for Holding (Minor) at 16:19, Scott Niedermayer (ANA) for Cross-checking (Minor) at 17:31

Overtime #1

No Goal

Penalties :
No Penalty

Shootout

Penalty Shot by Paul Stastny for Ducks - Shot Misses the Net
Penalty Shot by Pierre-Marc Bouchard for Oilers - Shot Misses the Net
Penalty Shot by Daniel Sedin for Ducks - Stopped by Dwayne Roloson
Penalty Shot by Petr Sykora for Oilers - Stopped by Jean-Sebastien Giguere
Penalty Shot by Mike Fisher for Ducks - Goal!
Penalty Shot by Saku Koivu for Oilers - Shot Misses the Net

Penalties :
No Penalty

Goalie Stats

Jean-Sebastien Giguere (ANA), 24 saves from 26 shots - (0.923), W, 32-16-6, 65:00 minutes
Dwayne Roloson (EDM), 23 saves from 25 shots - (0.920), OTL, 27-25-2, 65:00 minutes

Players Stats

Ducks
Player Name              G  A  P  +/- PIM S  H  SB FO MP 
-----------------------------------------------------------
Andrew Brunette          1  1  2   1  0   3  1  0  0  19 
Bryan Allen              0  0  0   1  0   1  2  1  0  25 
Chris Pronger            0  0  0   0  0   1  3  0  0  24 
Daniel Sedin             0  0  0  -1  0   5  0  0  1  21 
Dean Mcammond            0  0  0   0  0   0  1  0  1  10 
Francois Beauchemin      0  0  0  -1  4   0  2  1  0  25 
Hal Gill                 0  1  1   1  0   1  2  1  0  19 
Henrik Sedin             0  0  0   0  0   0  0  0  1  2  
Marek Malik              0  0  0   0  0   0  0  0  0  0  
Mike Fisher              0  0  0  -1  2   3  3  0  0  19 
Mike Sillinger           0  0  0   0  0   2  0  0  1  15 
Paul Stastny             0  0  0  -1  0   3  1  0  21 24 
Petr Cajanek             1  0  1   1  0   5  0  0  26 19 
Richard Park             0  0  0   0  2   0  2  0  1  22 
Rob Niedermayer          0  1  1   1  4   1  0  0  14 21 
Scott Niedermayer        0  0  0   0  2   0  0  0  0  24 
Sean O'Donnell           0  0  0  -1  0   0  0  2  0  15 
Todd Marchant            0  0  0   0  0   0  0  1  19 20 
Oilers
Player Name              G  A  P  +/- PIM S  H  SB FO MP 
-----------------------------------------------------------
Alexei Zhitnik           0  0  0   1  2   1  0  3  0  25 
Chad Kilger              0  0  0  -1  2   1  3  1  2  17 
Daniel Tjarnqvist        0  0  0   1  0   1  0  1  0  22 
Fernando Pisani          0  1  1   1  0   0  1  0  3  20 
Francis Bouillon         0  0  0  -1  4   0  1  0  0  19 
Jaroslav Spacek          0  0  0   0  4   0  2  1  0  23 
Marty Reasoner           0  0  0  -1  0   2  0  0  11 18 
Nicklas Lidstrom         1  0  1   0  0   5  1  0  0  27 
Patrick Thoresen         0  0  0   0  0   0  0  0  0  6  
Petr Sykora              0  0  0   0  0   2  0  0  0  20 
Pierre-Marc Bouchard     0  1  1   1  0   1  0  0  2  18 
Radek Dvorak             0  0  0   0  0   1  0  0  0  5  
Raffi Torres             0  0  0  -1  0   3  0  0  2  15 
Ryan Johnson             0  0  0   0  0   0  1  1  18 11 
Ryan Smyth               0  1  1   0  0   3  2  0  3  21 
Saku Koivu               1  0  1   1  0   3  0  0  19 19 
Shawn Horcoff            0  1  1   0  0   3  1  0  25 22 
Steve Staios             0  0  0  -1  0   0  0  1  0  18 

3 Stars

1 - Andrew Brunette (ANA)
2 - Petr Cajanek (ANA)
3 - Saku Koivu (EDM)

Power Play

Ducks - 1 on 6 Attempt(s) - 16.67%
Oilers - 1 on 7 Attempt(s) - 14.29%

Penalty Kill

Ducks - 6 on 7 Attempt(s) - 85.71% - Score 0 goal in Penalty Kill
Oilers - 5 on 6 Attempt(s) - 83.33% - Score 0 goal in Penalty Kill

Game Notes

No Game Note

Finance

Level 1 -- Attendance: 3869 (77.38%) -- Ticket Income $386,900.00
Level 2 -- Attendance: 4250 (100.00%) -- Ticket Income $191,250.00
Level 3 -- Attendance: 1975 (92.33%) -- Ticket Income $59,250.00
Level 4 -- Attendance: 4000 (100.00%) -- Ticket Income $80,000.00
Luxury Box -- Attendance: 794 (79.40%) -- Ticket Income $158,800.00
Game was played at the Rexall Place
Total Attendance: 14888 (90.84%)
Total Ticket Income: $903,761.30
Other Income: $137,685.30
Total Income: $1,041,446.00


Play by Play

Period #1

0:01 of 1st period - Mike Sillinger wins face-off versus Shawn Horcoff in neutral zone.
0:03 of 1st period - Chris Pronger is hit by Nicklas Lidstrom and loses puck.
0:29 of 1st period - Scott Niedermayer is hit by Ryan Smyth.
0:35 of 1st period - Icing by Ryan Smyth.
0:36 of 1st period - Shawn Horcoff wins face-off versus Paul Stastny in Oilers zone.
1:09 of 1st period - Minor Penalty to Alexei Zhitnik for Roughing.
1:10 of 1st period - Marty Reasoner wins face-off versus Petr Cajanek in Oilers zone.
1:10 of 1st period - Marty Reasoner is hit by Andrew Brunette.
2:03 of 1st period - Off-side.
2:04 of 1st period - Paul Stastny wins face-off versus Ryan Johnson in neutral zone.
2:23 of 1st period - Fernando Pisani is hit by Mike Fisher and loses puck.
2:49 of 1st period - Shot by Petr Cajanek.
2:49 of 1st period - Goal by Petr Cajanek - Ducks : 1 - Oilers : 0.
2:50 of 1st period - Rob Niedermayer wins face-off versus Ryan Johnson in neutral zone.
3:00 of 1st period - Off-side.
3:01 of 1st period - Shawn Horcoff wins face-off versus Rob Niedermayer in neutral zone.
3:18 of 1st period - Shot by Bryan Allen.
3:18 of 1st period - Deflect By Andrew Brunette.
3:18 of 1st period - Stopped by Dwayne Roloson without a rebound.
3:19 of 1st period - Ryan Johnson wins face-off versus Richard Park in Oilers zone.
3:19 of 1st period - Ryan Johnson is hit by Richard Park.
3:45 of 1st period - Icing by Nicklas Lidstrom.
3:46 of 1st period - Paul Stastny wins face-off versus Ryan Johnson in Oilers zone.
3:47 of 1st period - Shot by Mike Fisher.
3:47 of 1st period - Stopped by Dwayne Roloson without a rebound.
3:48 of 1st period - Petr Cajanek wins face-off versus Marty Reasoner in Oilers zone.
3:48 of 1st period - Hal Gill is hit by Francis Bouillon and loses puck.
4:03 of 1st period - Shot by Rob Niedermayer.
4:03 of 1st period - Stopped by Dwayne Roloson with a rebound.
4:07 of 1st period - Shot by Andrew Brunette.
4:07 of 1st period - Goal by Andrew Brunette - Ducks : 2 - Oilers : 0.
4:08 of 1st period - Saku Koivu wins face-off versus Paul Stastny in neutral zone.
4:16 of 1st period - Minor Penalty to Francois Beauchemin for Tripping.
4:17 of 1st period - Shawn Horcoff wins face-off versus Todd Marchant in Ducks zone.
4:26 of 1st period - Shot by Nicklas Lidstrom.
4:26 of 1st period - Stopped by Jean-Sebastien Giguere with a rebound.
4:46 of 1st period - Shot by Nicklas Lidstrom.
4:46 of 1st period - Goal by Nicklas Lidstrom - Ducks : 2 - Oilers : 1.
4:47 of 1st period - Marty Reasoner wins face-off versus Paul Stastny in neutral zone.
4:56 of 1st period - Shot by Marty Reasoner.
4:56 of 1st period - Shot Misses the Net.
4:58 of 1st period - Shot by Steve Staios.
4:58 of 1st period - Shot Misses the Net.
5:00 of 1st period - Shot by Chad Kilger.
5:00 of 1st period - Shot Hit the Post.
5:02 of 1st period - Shot by Marty Reasoner.
5:02 of 1st period - Stopped by Jean-Sebastien Giguere without a rebound.
5:03 of 1st period - Todd Marchant wins face-off versus Saku Koivu in Ducks zone.
5:20 of 1st period - Fernando Pisani is hit by Chris Pronger and loses puck.
6:33 of 1st period - Shot by Marty Reasoner.
6:33 of 1st period - Stopped by Jean-Sebastien Giguere without a rebound.
6:34 of 1st period - Shawn Horcoff wins face-off versus Petr Cajanek in Ducks zone.
6:34 of 1st period - Shawn Horcoff is hit by Bryan Allen.
7:42 of 1st period - Steve Staios is hit by Chris Pronger and loses puck.
7:56 of 1st period - Shot by Raffi Torres.
7:56 of 1st period - Shot Misses the Net.
8:00 of 1st period - Shot by Chad Kilger.
8:00 of 1st period - Stopped by Jean-Sebastien Giguere without a rebound.
8:01 of 1st period - Saku Koivu wins face-off versus Paul Stastny in Ducks zone.
8:11 of 1st period - Pierre-Marc Bouchard is hit by Francois Beauchemin and loses puck.
8:21 of 1st period - Minor Penalty to Francois Beauchemin for Interference.
8:22 of 1st period - Rob Niedermayer wins face-off versus Saku Koivu in Ducks zone.
8:36 of 1st period - Icing by Alexei Zhitnik.
8:37 of 1st period - Saku Koivu wins face-off versus Todd Marchant in Oilers zone.
8:41 of 1st period - Icing by Saku Koivu.
8:42 of 1st period - Rob Niedermayer wins face-off versus Saku Koivu in Oilers zone.
8:48 of 1st period - Icing by Daniel Tjarnqvist.
8:49 of 1st period - Todd Marchant wins face-off versus Saku Koivu in Oilers zone.
9:28 of 1st period - Shot by Ryan Smyth.
9:28 of 1st period - Stopped by Jean-Sebastien Giguere without a rebound.
9:29 of 1st period - Rob Niedermayer wins face-off versus Shawn Horcoff in Ducks zone.
10:29 of 1st period - Shot by Paul Stastny.
10:29 of 1st period - Deflect By Daniel Sedin.
10:29 of 1st period - Stopped by Dwayne Roloson without a rebound.
10:30 of 1st period - Marty Reasoner wins face-off versus Paul Stastny in Oilers zone.
10:54 of 1st period - Shot by Paul Stastny.
10:54 of 1st period - Deflect By Mike Fisher.
10:54 of 1st period - Shot Misses the Net.
10:56 of 1st period - Shot by Daniel Sedin.
10:56 of 1st period - Shot Misses the Net.
11:00 of 1st period - Shot by Daniel Sedin.
11:00 of 1st period - Shot Blocked by Chad Kilger.
11:02 of 1st period - Shot by Paul Stastny.
11:02 of 1st period - Shot Misses the Net.
11:04 of 1st period - Shot by Mike Fisher.
11:04 of 1st period - Stopped by Dwayne Roloson with a rebound.
11:19 of 1st period - Chad Kilger is hit by Hal Gill and loses puck.
11:34 of 1st period - Shot by Petr Cajanek.
11:34 of 1st period - Shot Blocked by Steve Staios.
11:36 of 1st period - Shot by Bryan Allen.
11:36 of 1st period - Stopped by Dwayne Roloson with a rebound.
11:38 of 1st period - Shot by Hal Gill.
11:38 of 1st period - Stopped by Dwayne Roloson without a rebound.
11:39 of 1st period - Todd Marchant wins face-off versus Ryan Johnson in Oilers zone.
12:38 of 1st period - Minor Penalty to Rob Niedermayer for Elbowing.
12:39 of 1st period - Fernando Pisani wins face-off versus Paul Stastny in neutral zone.
12:41 of 1st period - Off-side.
12:42 of 1st period - Paul Stastny wins face-off versus Saku Koivu in neutral zone.
13:07 of 1st period - Shot by Saku Koivu.
13:07 of 1st period - Shot Misses the Net.
13:13 of 1st period - Shot by Saku Koivu.
13:13 of 1st period - Stopped by Jean-Sebastien Giguere without a rebound.
13:14 of 1st period - Todd Marchant wins face-off versus Shawn Horcoff in Ducks zone.
13:35 of 1st period - Shot by Nicklas Lidstrom.
13:35 of 1st period - Stopped by Jean-Sebastien Giguere without a rebound.
13:36 of 1st period - Daniel Sedin wins face-off versus Saku Koivu in Ducks zone.
13:59 of 1st period - Shot by Saku Koivu.
13:59 of 1st period - Shot Misses the Net.
14:03 of 1st period - Shot by Saku Koivu.
14:03 of 1st period - Shot Blocked by Bryan Allen.
14:07 of 1st period - Shot by Fernando Pisani.
14:07 of 1st period - Shot Misses the Net.
14:33 of 1st period - Shot by Ryan Smyth.
14:33 of 1st period - Shot Misses the Net.
14:43 of 1st period - Shot by Raffi Torres.
14:43 of 1st period - Stopped by Jean-Sebastien Giguere without a rebound.
14:44 of 1st period - Petr Cajanek wins face-off versus Raffi Torres in Ducks zone.
15:23 of 1st period - Icing by Francis Bouillon.
15:24 of 1st period - Raffi Torres wins face-off versus Paul Stastny in Oilers zone.
15:53 of 1st period - Shot by Paul Stastny.
15:53 of 1st period - Stopped by Dwayne Roloson without a rebound.
15:54 of 1st period - Todd Marchant wins face-off versus Shawn Horcoff in Oilers zone.
16:04 of 1st period - Icing by Nicklas Lidstrom.
16:05 of 1st period - Todd Marchant wins face-off versus Shawn Horcoff in Oilers zone.
16:53 of 1st period - Off-side.
16:54 of 1st period - Marty Reasoner wins face-off versus Petr Cajanek in neutral zone.
16:57 of 1st period - Hal Gill is hit by Chad Kilger and loses puck.
17:15 of 1st period - Raffi Torres is hit by Bryan Allen and loses puck.
17:58 of 1st period - Daniel Tjarnqvist is hit by Mike Fisher and loses puck.
18:13 of 1st period - Shot by Daniel Sedin.
18:13 of 1st period - Deflect By Mike Fisher.
18:13 of 1st period - Shot Misses the Net.
18:17 of 1st period - Shot by Mike Fisher.
18:17 of 1st period - Shot Misses the Net.
18:19 of 1st period - Shot by Daniel Sedin.
18:19 of 1st period - Shot Blocked by Daniel Tjarnqvist.
18:21 of 1st period - Shot by Paul Stastny.
18:21 of 1st period - Shot Misses the Net.
18:29 of 1st period - Shot by Paul Stastny.
18:29 of 1st period - Stopped by Dwayne Roloson with a rebound.
18:31 of 1st period - Shot by Daniel Sedin.
18:31 of 1st period - Stopped by Dwayne Roloson without a rebound.
18:32 of 1st period - Todd Marchant wins face-off versus Shawn Horcoff in Oilers zone.
19:31 of 1st period - Shot by Petr Cajanek.
19:31 of 1st period - Stopped by Dwayne Roloson without a rebound.
19:32 of 1st period - Paul Stastny wins face-off versus Marty Reasoner in Oilers zone.
19:45 of 1st period - Francois Beauchemin is hit by Chad Kilger and loses puck.

Period #2

0:01 of 2nd period - Todd Marchant wins face-off versus Shawn Horcoff in neutral zone.
1:11 of 2nd period - Shot by Saku Koivu.
1:11 of 2nd period - Goal by Saku Koivu - Ducks : 2 - Oilers : 2.
1:12 of 2nd period - Petr Cajanek wins face-off versus Chad Kilger in neutral zone.
1:18 of 2nd period - Icing by Steve Staios.
1:19 of 2nd period - Marty Reasoner wins face-off versus Rob Niedermayer in Oilers zone.
1:27 of 2nd period - Shot by Andrew Brunette.
1:27 of 2nd period - Stopped by Dwayne Roloson without a rebound.
1:28 of 2nd period - Paul Stastny wins face-off versus Saku Koivu in Oilers zone.
1:54 of 2nd period - Shot by Mike Fisher.
1:54 of 2nd period - Stopped by Dwayne Roloson with a rebound.
1:56 of 2nd period - Shot by Daniel Sedin.
1:56 of 2nd period - Stopped by Dwayne Roloson without a rebound.
1:57 of 2nd period - Petr Cajanek wins face-off versus Marty Reasoner in Oilers zone.
2:01 of 2nd period - Minor Penalty to Francis Bouillon for Diving.
2:02 of 2nd period - Petr Cajanek wins face-off versus Ryan Johnson in Oilers zone.
2:09 of 2nd period - Shot by Petr Cajanek.
2:09 of 2nd period - Stopped by Dwayne Roloson without a rebound.
2:10 of 2nd period - Ryan Johnson wins face-off versus Paul Stastny in Oilers zone.
2:27 of 2nd period - Paul Stastny is hit by Jaroslav Spacek and loses puck.
3:09 of 2nd period - Icing by Petr Cajanek.
3:10 of 2nd period - Ryan Johnson wins face-off versus Petr Cajanek in Ducks zone.
3:31 of 2nd period - Shot by Bryan Allen.
3:31 of 2nd period - Shot Misses the Net.
3:35 of 2nd period - Shot by Petr Cajanek.
3:35 of 2nd period - Shot Hit the Post.
4:34 of 2nd period - Minor Penalty to Francis Bouillon for Slashing.
4:35 of 2nd period - Ryan Johnson wins face-off versus Paul Stastny in Oilers zone.
4:35 of 2nd period - Ryan Johnson is hit by Mike Fisher.
4:45 of 2nd period - Alexei Zhitnik is hit by Paul Stastny and loses puck.
4:52 of 2nd period - Shot by Scott Niedermayer.
4:52 of 2nd period - Shot Blocked by Alexei Zhitnik.
4:54 of 2nd period - Shot by Daniel Sedin.
4:54 of 2nd period - Stopped by Dwayne Roloson without a rebound.
4:55 of 2nd period - Petr Cajanek wins face-off versus Ryan Johnson in Oilers zone.
4:55 of 2nd period - Minor Penalty to Jaroslav Spacek for Holding.
4:56 of 2nd period - Petr Cajanek wins face-off versus Ryan Johnson in Oilers zone.
5:18 of 2nd period - Icing by Petr Cajanek.
5:19 of 2nd period - Petr Cajanek wins face-off versus Ryan Johnson in Ducks zone.
8:20 of 2nd period - Shot by Shawn Horcoff.
8:20 of 2nd period - Stopped by Jean-Sebastien Giguere without a rebound.
8:21 of 2nd period - Saku Koivu wins face-off versus Rob Niedermayer in Ducks zone.
9:27 of 2nd period - Shot by Ryan Smyth.
9:27 of 2nd period - Shot Misses the Net.
9:29 of 2nd period - Shot by Nicklas Lidstrom.
9:29 of 2nd period - Shot Blocked by Francois Beauchemin.
9:31 of 2nd period - Shot by Ryan Smyth.
9:31 of 2nd period - Shot Blocked by Sean O'Donnell.
9:36 of 2nd period - Shot by Ryan Smyth.
9:36 of 2nd period - Stopped by Jean-Sebastien Giguere with a rebound.
9:40 of 2nd period - Shot by Nicklas Lidstrom.
9:40 of 2nd period - Stopped by Jean-Sebastien Giguere without a rebound.
9:41 of 2nd period - Paul Stastny wins face-off versus Ryan Johnson in Ducks zone.
10:17 of 2nd period - Shot by Mike Sillinger.
10:17 of 2nd period - Stopped by Dwayne Roloson without a rebound.
10:18 of 2nd period - Ryan Smyth wins face-off versus Petr Cajanek in Oilers zone.
11:37 of 2nd period - Chris Pronger is hit by Fernando Pisani and loses puck.
12:12 of 2nd period - Shot by Raffi Torres.
12:12 of 2nd period - Stopped by Jean-Sebastien Giguere with a rebound.
12:34 of 2nd period - Shot by Raffi Torres.
12:34 of 2nd period - Shot Blocked by Sean O'Donnell.
13:10 of 2nd period - Shot by Petr Cajanek.
13:10 of 2nd period - Stopped by Dwayne Roloson with a rebound.
13:29 of 2nd period - Shot by Petr Cajanek.
13:29 of 2nd period - Shot Misses the Net.
13:32 of 2nd period - Petr Cajanek is hit by Jaroslav Spacek and loses puck.
13:44 of 2nd period - Minor Penalty to Jaroslav Spacek for Hooking.
13:45 of 2nd period - Ryan Smyth wins face-off versus Dean Mcammond in Oilers zone.
14:08 of 2nd period - Shot by Chris Pronger.
14:08 of 2nd period - Stopped by Dwayne Roloson without a rebound.
14:09 of 2nd period - Ryan Smyth wins face-off versus Petr Cajanek in Oilers zone.
14:26 of 2nd period - Shot by Andrew Brunette.
14:26 of 2nd period - Shot Misses the Net.
14:28 of 2nd period - Shot by Paul Stastny.
14:28 of 2nd period - Stopped by Dwayne Roloson without a rebound.
14:29 of 2nd period - Shawn Horcoff wins face-off versus Henrik Sedin in Oilers zone.
14:38 of 2nd period - Shot by Scott Niedermayer.
14:38 of 2nd period - Shot Misses the Net.
14:40 of 2nd period - Shot by Daniel Sedin.
14:40 of 2nd period - Stopped by Dwayne Roloson without a rebound.
14:41 of 2nd period - Ryan Johnson wins face-off versus Petr Cajanek in Oilers zone.
16:08 of 2nd period - Icing by Petr Sykora.
16:09 of 2nd period - Shawn Horcoff wins face-off versus Rob Niedermayer in Oilers zone.
16:09 of 2nd period - Shawn Horcoff is hit by Richard Park.
16:32 of 2nd period - Nicklas Lidstrom is hit by Dean Mcammond and loses puck.
16:48 of 2nd period - Off-side.
16:49 of 2nd period - Saku Koivu wins face-off versus Petr Cajanek in neutral zone.
16:58 of 2nd period - Shot by Paul Stastny.
16:58 of 2nd period - Shot Misses the Net.
17:00 of 2nd period - Shot by Bryan Allen.
17:00 of 2nd period - Shot Blocked by Alexei Zhitnik.
17:20 of 2nd period - Shot by Andrew Brunette.
17:20 of 2nd period - Shot Misses the Net.
17:33 of 2nd period - Off-side.
17:34 of 2nd period - Todd Marchant wins face-off versus Marty Reasoner in neutral zone.
17:36 of 2nd period - Minor Penalty to Richard Park for High sticking.
17:37 of 2nd period - Pierre-Marc Bouchard wins face-off versus Rob Niedermayer in Oilers zone.
17:52 of 2nd period - Saku Koivu is hit by Francois Beauchemin.
17:56 of 2nd period - Shot by Saku Koivu.
17:56 of 2nd period - Shot Misses the Net.
17:58 of 2nd period - Shot by Daniel Tjarnqvist.
17:58 of 2nd period - Stopped by Jean-Sebastien Giguere without a rebound.
17:59 of 2nd period - Todd Marchant wins face-off versus Shawn Horcoff in Ducks zone.
18:10 of 2nd period - Shot by Nicklas Lidstrom.
18:10 of 2nd period - Shot Blocked by Todd Marchant.
19:00 of 2nd period - Shot by Saku Koivu.
19:00 of 2nd period - Stopped by Jean-Sebastien Giguere without a rebound.
19:01 of 2nd period - Rob Niedermayer wins face-off versus Shawn Horcoff in Ducks zone.
19:28 of 2nd period - Shot by Petr Sykora.
19:28 of 2nd period - Stopped by Jean-Sebastien Giguere without a rebound.
19:29 of 2nd period - Saku Koivu wins face-off versus Todd Marchant in Ducks zone.
19:52 of 2nd period - Shot by Paul Stastny.
19:52 of 2nd period - Shot Misses the Net.

Period #3

0:01 of 3rd period - Todd Marchant wins face-off versus Shawn Horcoff in neutral zone.
0:57 of 3rd period - Mike Fisher is hit by Ryan Smyth.
0:58 of 3rd period - Icing by Mike Fisher.
0:59 of 3rd period - Paul Stastny wins face-off versus Pierre-Marc Bouchard in Ducks zone.
1:19 of 3rd period - Icing by Alexei Zhitnik.
1:20 of 3rd period - Saku Koivu wins face-off versus Petr Cajanek in Oilers zone.
1:25 of 3rd period - Shot by Alexei Zhitnik.
1:25 of 3rd period - Stopped by Jean-Sebastien Giguere without a rebound.
1:26 of 3rd period - Petr Cajanek wins face-off versus Marty Reasoner in Ducks zone.
1:40 of 3rd period - Shot by Marty Reasoner.
1:40 of 3rd period - Shot Misses the Net.
5:04 of 3rd period - Shot by Raffi Torres.
5:04 of 3rd period - Stopped by Jean-Sebastien Giguere with a rebound.
5:30 of 3rd period - Shot by Radek Dvorak.
5:30 of 3rd period - Stopped by Jean-Sebastien Giguere without a rebound.
5:31 of 3rd period - Todd Marchant wins face-off versus Fernando Pisani in Ducks zone.
5:51 of 3rd period - Icing by Daniel Tjarnqvist.
5:52 of 3rd period - Todd Marchant wins face-off versus Saku Koivu in Oilers zone.
6:11 of 3rd period - Shot by Mike Sillinger.
6:11 of 3rd period - Shot Blocked by Alexei Zhitnik.
6:15 of 3rd period - Shot by Mike Sillinger.
6:15 of 3rd period - Stopped by Dwayne Roloson without a rebound.
6:16 of 3rd period - Shawn Horcoff wins face-off versus Rob Niedermayer in Oilers zone.
6:29 of 3rd period - Shot by Ryan Smyth.
6:29 of 3rd period - Stopped by Jean-Sebastien Giguere without a rebound.
6:30 of 3rd period - Petr Cajanek wins face-off versus Chad Kilger in Ducks zone.
6:57 of 3rd period - Shot by Chad Kilger.
6:57 of 3rd period - Shot Misses the Net.
7:52 of 3rd period - Shot by Petr Sykora.
7:52 of 3rd period - Stopped by Jean-Sebastien Giguere with a rebound.
7:54 of 3rd period - Shot by Nicklas Lidstrom.
7:54 of 3rd period - Stopped by Jean-Sebastien Giguere without a rebound.
7:55 of 3rd period - Saku Koivu wins face-off versus Todd Marchant in Ducks zone.
8:26 of 3rd period - Shot by Pierre-Marc Bouchard.
8:26 of 3rd period - Stopped by Jean-Sebastien Giguere without a rebound.
8:27 of 3rd period - Paul Stastny wins face-off versus Shawn Horcoff in Ducks zone.
8:29 of 3rd period - Daniel Sedin is hit by Shawn Horcoff and loses puck.
9:01 of 3rd period - Shot by Petr Sykora.
9:01 of 3rd period - Shot Misses the Net.
9:22 of 3rd period - Minor Penalty to Chad Kilger for Diving.
9:23 of 3rd period - Fernando Pisani wins face-off versus Petr Cajanek in Ducks zone.
9:47 of 3rd period - Icing by Bryan Allen.
9:48 of 3rd period - Ryan Johnson wins face-off versus Petr Cajanek in Ducks zone.
10:01 of 3rd period - Shot by Chris Pronger.
10:01 of 3rd period - Shot Blocked by Ryan Johnson.
10:56 of 3rd period - Icing by Francois Beauchemin.
10:57 of 3rd period - Petr Cajanek wins face-off versus Ryan Johnson in Ducks zone.
11:04 of 3rd period - Shot by Andrew Brunette.
11:04 of 3rd period - Deflect By Petr Cajanek.
11:04 of 3rd period - Stopped by Dwayne Roloson with a rebound.
11:25 of 3rd period - Icing by Francis Bouillon.
11:26 of 3rd period - Todd Marchant wins face-off versus Marty Reasoner in Oilers zone.
12:33 of 3rd period - Icing by Alexei Zhitnik.
12:34 of 3rd period - Petr Cajanek wins face-off versus Saku Koivu in Oilers zone.
12:36 of 3rd period - Minor Penalty to Rob Niedermayer for Interference.
12:37 of 3rd period - Paul Stastny wins face-off versus Shawn Horcoff in Oilers zone.
12:46 of 3rd period - Shot by Nicklas Lidstrom.
12:46 of 3rd period - Shot Misses the Net.
14:59 of 3rd period - Raffi Torres is hit by Hal Gill and loses puck.
15:09 of 3rd period - Icing by Hal Gill.
15:10 of 3rd period - Ryan Johnson wins face-off versus Rob Niedermayer in Ducks zone.
15:30 of 3rd period - Chris Pronger is hit by Ryan Johnson and loses puck.
15:40 of 3rd period - Icing by Alexei Zhitnik.
15:41 of 3rd period - Ryan Johnson wins face-off versus Paul Stastny in Oilers zone.
16:12 of 3rd period - Shot by Mike Fisher.
16:12 of 3rd period - Shot Misses the Net.
16:19 of 3rd period - Minor Penalty to Mike Fisher for Holding.
16:20 of 3rd period - Saku Koivu wins face-off versus Todd Marchant in Oilers zone.
17:20 of 3rd period - Shot by Steve Staios.
17:20 of 3rd period - Shot Misses the Net.
17:24 of 3rd period - Shot by Shawn Horcoff.
17:24 of 3rd period - Stopped by Jean-Sebastien Giguere without a rebound.
17:25 of 3rd period - Shawn Horcoff wins face-off versus Rob Niedermayer in Ducks zone.
17:30 of 3rd period - Shot by Petr Sykora.
17:30 of 3rd period - Shot Misses the Net.
17:31 of 3rd period - Minor Penalty to Scott Niedermayer for Cross-checking.
17:32 of 3rd period - Shawn Horcoff wins face-off versus Rob Niedermayer in Ducks zone.
17:33 of 3rd period - Shot by Ryan Smyth.
17:33 of 3rd period - Shot Misses the Net.
17:35 of 3rd period - Shot by Petr Sykora.
17:35 of 3rd period - Shot Misses the Net.
17:37 of 3rd period - Shot by Nicklas Lidstrom.
17:37 of 3rd period - Shot Blocked by Hal Gill.
18:34 of 3rd period - Saku Koivu is hit by Chris Pronger and loses puck.
19:57 of 3rd period - Chris Pronger is hit by Chad Kilger and loses puck.

Overtime #1

0:01 of 1st overtime period - Paul Stastny wins face-off versus Saku Koivu in neutral zone.
0:55 of 1st overtime period - Off-side.
0:56 of 1st overtime period - Petr Cajanek wins face-off versus Shawn Horcoff in neutral zone.
1:21 of 1st overtime period - Shot by Shawn Horcoff.
1:21 of 1st overtime period - Stopped by Jean-Sebastien Giguere without a rebound.
1:22 of 1st overtime period - Shawn Horcoff wins face-off versus Petr Cajanek in Ducks zone.
2:27 of 1st overtime period - Shot by Mike Fisher.
2:27 of 1st overtime period - Shot Blocked by Jaroslav Spacek.
4:23 of 1st overtime period - Icing by Francois Beauchemin.
4:24 of 1st overtime period - Petr Cajanek wins face-off versus Shawn Horcoff in Ducks zone.
4:36 of 1st overtime period - Icing by Shawn Horcoff.
4:37 of 1st overtime period - Shawn Horcoff wins face-off versus Paul Stastny in Oilers zone.

ShootOut

ShootOut - Penalty Shot by Paul Stastny for Ducks.
ShootOut - Shot Misses the Net.
ShootOut - Penalty Shot by Pierre-Marc Bouchard for Oilers.
ShootOut - Shot Misses the Net.
ShootOut - Penalty Shot by Daniel Sedin for Ducks.
ShootOut - Stopped by Dwayne Roloson.
ShootOut - Penalty Shot by Petr Sykora for Oilers.
ShootOut - Stopped by Jean-Sebastien Giguere.
ShootOut - Penalty Shot by Mike Fisher for Ducks.
ShootOut - Goal by Mike Fisher.
ShootOut - Penalty Shot by Saku Koivu for Oilers.
ShootOut - Shot Misses the Net.


Output by the SimonT Hockey Simulator (STHS) for Stephane Roy -- Original Page W3C XHTML 1.0 Valid